Description

Test

Replay - Elazer v PtitDrogo: Game 1 - Frozen Temple

Build Order

Get SALT Encoding   

  12  0:01  Probe (Chrono Boost)  
  13  0:11  Probe (Chrono Boost)  
  14  0:18  Pylon  
  14  0:22  Probe (Chrono Boost)  
  15  0:37  Probe (Chrono Boost)  
  15  0:38  Gateway  
  16  0:47  Probe (Chrono Boost)  
  16  0:48  Assimilator  
  17  0:58  Probe (Chrono Boost)  
  18  1:08  Probe (Chrono Boost)  
  19  1:20  Nexus  
  19  1:22  Probe (Chrono Boost)  
  20  1:33  Cybernetics Core  
  20  1:36  Probe (Chrono Boost)  
  21  1:40  Assimilator  
  21  1:47  Probe (Chrono Boost)  
  22  1:51  Pylon  
  22  1:57  Probe (Chrono Boost)  
  23  2:05  Adept  
  23  2:09  Warp Gate  
  23  2:11  Probe (Chrono Boost)  
  27  2:23  Probe (Chrono Boost)  
  27  2:25  Twilight Council  
  27  2:29  Adept  
  27  2:33  Probe (Chrono Boost)  
  27  2:34  Probe (Chrono Boost)  
  32  2:44  Probe (Chrono Boost)  
  32  2:46  Probe (Chrono Boost)  
  32  2:49  Resonating Glaives  
  33  2:55  Probe (Chrono Boost)  
  33  2:58  Probe (Chrono Boost)  
  38  3:06  Stalker  
  38  3:07  Probe (Chrono Boost)  
  38  3:10  Probe (Chrono Boost)  
  39  3:16  Gateway  
  39  3:18  Gateway  
  39  3:19  Probe (Chrono Boost)  
  40  3:22  Probe (Chrono Boost)  
  40  3:26  Pylon  
  41  3:31  Probe (Chrono Boost)  
  41  3:33  Adept  
  44  3:36  Mothership Core (Chrono Boost)  
  46  3:46  Probe (Chrono Boost)  
  47  3:57  Nexus  
  47  3:58  Pylon, Probe (Chrono Boost)  
  47  4:01  Probe (Chrono Boost)  
  49  4:09  Probe (Chrono Boost)  
  50  4:13  Probe (Chrono Boost)  
  50  4:17  Adept x3  
  54  4:19  Probe (Chrono Boost)  
  58  4:24  Pylon  
  58  4:25  Robotics Facility, Probe (Chrono Boost)  
  58  4:31  Probe (Chrono Boost)  
  59  4:37  Probe (Chrono Boost)  
  60  4:40  Pylon  
  60  4:41  Probe (Chrono Boost)  
  61  4:49  Probe (Chrono Boost)  
  62  4:54  Probe (Chrono Boost)  
  63  5:02  Probe (Chrono Boost)  
  63  5:05  Probe (Chrono Boost)  
  63  5:06  Assimilator x2  
  63  5:07  Forge  
  63  5:09  Immortal  
  63  5:14  Probe (Chrono Boost)  
  61  5:16  Probe x2 (Chrono Boost)  
  61  5:17  Sentry x3  
  72  5:22  Gateway  
  72  5:24  Gateway  
  72  5:26  Gateway, Probe (Chrono Boost)  
  72  5:28  Probe (Chrono Boost)  
  74  5:30  Pylon, Probe (Chrono Boost)  
  74  5:32  Pylon  
  75  5:38  Probe (Chrono Boost)  
  75  5:40  Adept x2, Probe (Chrono Boost)  
  75  5:42  Protoss Ground Weapons Level 1  
  81  5:48  Charge  
  81  5:49  Immortal  
  81  5:53  Probe (Chrono Boost)  
  81  5:55  Probe x2 (Chrono Boost)  
  88  6:04  Probe (Chrono Boost)  
  88  6:07  Probe x2 (Chrono Boost)  
  88  6:09  Zealot  
  92  6:16  Probe (Chrono Boost)  
  94  6:19  Probe (Chrono Boost)  
  94  6:22  Probe (Chrono Boost)  
  94  6:23  Assimilator  
  94  6:24  Assimilator  
  95  6:28  Probe (Chrono Boost)  
  95  6:31  Adept x6  
  108  6:32  Immortal  
  100  6:46  Photon Cannon  
  90  6:47  Photon Cannon  
  90  6:55  Adept x6  
  100  7:06  Pylon  
  100  7:07  Immortal  
  100  7:08  Pylon  
  100  7:15  Adept x6  
  102  7:20  Probe x2 (Chrono Boost)  
  97  7:24  Probe (Chrono Boost)  
  98  7:32  Probe x2 (Chrono Boost)  
  98  7:36  Probe (Chrono Boost)  
  101  7:38  Gateway x2  
  101  7:41  Immortal  
  101  7:42  Gateway  
  101  7:47  Photon Cannon  
  105  7:52  Sentry  
  105  7:53  Sentry, Zealot x3  
  115  7:59  Pylon  
  115  8:00  Zealot  
  105  8:16  Zealot x3  
  105  8:17  Zealot x2  
Spawning Tool Build Advisor. Get it on Overwolf

Go to:

Details

  • Created by: AwFK_Smurf
  • Published on: Sep 01, 2016
  • Modified on: Sep 01, 2016
  • Patch: Pre-3.8.0
Show
View Real Time Build Order
Export as new Build Order

Comments (0)

There are no comments. Be the first!

Create an account to comment!